Map: 2000 Atmospheres LE

Players

Antis

  • Race: Zerg Zerg

Nina - Winner!

  • Race: Protoss Protoss

VOD

Have the link to the VOD?

Description

Time

  • Played on: Oct. 6, 2021, 5:34 p.m.
  • Length: 14:34
Show
View Real Time Build Order
Export as new Build Order

Antis Zerg 

Build Orders: Hatch First 

Get SALT Encoding   

  12  0:00  Drone  
  13  0:12  Overlord  
  13  0:18  Drone  
  14  0:31  Drone x2  
  16  0:48  Hatchery  
  15  0:51  Drone  
  15  0:55  Drone  
  17  0:59  Drone  
  18  1:10  Extractor  
  17  1:14  Spawning Pool  
  17  1:16  Drone  
  17  1:20  Drone  
  18  1:28  Drone  
  19  1:39  Drone  
  20  1:48  Hatchery  
  19  1:54  Overlord  
  19  2:02  Queen  
  19  2:06  Drone  
  22  2:08  Drone  
  23  2:17  Queen  
  25  2:25  Drone x2  
  27  2:30  Metabolic Boost  
  27  2:33  Drone  
  27  2:34  Drone  
  29  2:38  Drone  
  30  2:47  Overlord  
  30  2:50  Queen  
  32  2:51  Zergling x2  
  32  2:56  Zergling x2  
  34  3:01  Drone x3  
  37  3:07  Drone  
  37  3:08  Drone  
  39  3:14  Queen  
  41  3:20  Overlord  
  41  3:23  Zergling x4  
  41  3:26  Drone, Spore Crawler  
  44  3:27  Drone  
  44  3:28  Drone  
  45  3:37  Queen, Spore Crawler  
  46  3:44  Overlord  
  46  3:45  Drone x3  
  46  3:46  Drone  
  50  3:51  Drone x2  
  52  3:57  Drone x3  
  52  3:59  Overlord  
  55  4:03  Drone x2  
  55  4:06  Zergling x2  
  55  4:09  Drone x2  
  59  4:16  Zergling x2  
  59  4:18  Drone x5  
  59  4:23  Drone x3  
  67  4:25  Overlord  
  67  4:37  Lair  
  67  4:38  Drone x3, Extractor  
  67  4:39  Roach Warren  
  67  4:44  Overlord  
  65  4:47  Drone x4  
  69  4:54  Extractor  
  69  4:58  Overlord  
  69  4:59  Overlord  
  68  5:06  Hatchery, Zergling x4  
  68  5:07  Drone x5  
  68  5:13  Evolution Chamber, Extractor  
  68  5:14  Drone x2  
  73  5:16  Spore Crawler  
  73  5:17  Drone x2  
  73  5:19  Drone x2  
  76  5:23  Overlord  
  76  5:24  Drone x2  
  77  5:28  Extractor  
  77  5:30  Roach x2  
  77  5:33  Overlord  
  79  5:43  Roach  
  79  5:44  Roach x4  
  79  5:45  Zerg Missile Weapons Level 1, Drone x2  
  79  5:46  Drone  
  92  5:50  Glial Reconstitution  
  92  5:51  Drone x3  
  92  5:54  Drone, Hydralisk Den  
  92  5:55  Overseer  
  92  6:06  Roach x4  
  92  6:10  Extractor  
  98  6:11  Drone x2  
  98  6:12  Drone  
  98  6:13  Drone  
  98  6:14  Overlord  
  102  6:21  Zergling x2  
  102  6:25  Ravager x2  
  105  6:28  Overlord x2  
  105  6:29  Overlord x2  
  105  6:34  Drone x3  
  105  6:38  Drone, Grooved Spines  
  109  6:43  Overlord x2  
  109  6:46  Ravager  
  111  6:47  Ravager x3  
  111  6:48  Spine Crawler, Roach x4  
  111  6:49  Evolution Chamber  
  111  6:50  Zergling x2  
  111  6:51  Zergling x14  
  126  6:55  Ravager  
  126  6:57  Zergling x4  
  126  6:58  Zergling x2, Evolution Chamber  
  130  7:07  Drone x2  
  132  7:08  Overlord  
  132  7:09  Overlord x2  
  132  7:10  Hydralisk x4  
  141  7:21  Overlord x3  
  142  7:23  Hydralisk x4  
  150  7:33  Hydralisk x5  
  159  7:47  Hydralisk x3  
  159  7:48  Zergling x22  
  173  8:01  Roach x8  
  185  8:06  Hydralisk x3  
  191  8:19  Hydralisk  
  190  8:20  Hydralisk x4  
  158  8:43  Roach x5  
  158  8:44  Roach x12  
  161  8:55  Hydralisk x2  
  152  8:56  Zergling x16  
  152  9:04  Hydralisk  
  152  9:05  Hydralisk x3  
  160  9:10  Queen x3  
  160  9:15  Zergling x2, Extractor  
  160  9:16  Zergling x14  
  173  9:26  Hydralisk  
  173  9:27  Hydralisk x7  
  179  9:44  Hydralisk x5  
  163  9:57  Hydralisk  
  163  9:58  Hydralisk x4  
  148  10:09  Zergling x32  
  156  10:20  Roach x3  
  154  10:24  Zerg Missile Weapons Level 2  
  154  10:25  Drone x3  
  151  10:33  Hatchery  
  150  10:38  Hydralisk x9  
  168  10:47  Roach x4  
  171  10:55  Roach  
  171  10:56  Roach x6  
  179  11:05  Roach x3  
  179  11:06  Roach x5  
  192  11:22  Infestation Pit  
  189  11:39  Hydralisk x5  
  182  12:01  Hydralisk x9  
  182  12:02  Hydralisk  
  179  12:18  Roach x11  
  179  12:19  Roach x3  
  189  12:33  Hydralisk  
  189  12:34  Roach x5  
  199  12:38  Hive  
  189  12:48  Hydralisk x8  
  189  12:49  Zergling x16  
  161  13:00  Hydralisk  
  161  13:01  Hydralisk x4  
  131  13:16  Hydralisk x6  
  141  13:22  Hydralisk  
  141  13:23  Hydralisk, Zergling x2  
  141  13:24  Zergling x6  
  122  13:43  Hydralisk x8  
  132  13:50  Zergling x14  
  126  14:03  Hydralisk x2, Roach x5  
Show
View Real Time Build Order
Export as new Build Order

Nina Protoss - Winner!

Build Orders: 1 Gate Expand, Oracle Opening, Carriers 

Get SALT Encoding   

  12  0:00  Probe  
  13  0:12  Probe  
  14  0:19  Pylon  
  14  0:24  Probe (Chrono Boost)  
  15  0:37  Gateway, Probe (Chrono Boost)  
  16  0:45  Probe (Chrono Boost)  
  16  0:47  Assimilator  
  17  0:51  Probe  
  18  1:03  Probe  
  19  1:15  Probe  
  20  1:26  Nexus  
  20  1:35  Cybernetics Core  
  20  1:40  Probe  
  20  1:45  Assimilator  
  21  1:52  Probe  
  22  1:56  Pylon  
  22  2:05  Probe (Chrono Boost)  
  23  2:14  Adept  
  25  2:17  Probe (Chrono Boost)  
  25  2:20  Stargate  
  26  2:24  Probe (Chrono Boost)  
  26  2:27  Warp Gate  
  27  2:31  Probe (Chrono Boost)  
  28  2:39  Probe (Chrono Boost)  
  28  2:43  Probe (Chrono Boost)  
  30  2:44  Adept  
  30  2:48  Probe (Chrono Boost)  
  30  2:50  Probe (Chrono Boost)  
  34  2:53  Probe (Chrono Boost)  
  34  2:57  Probe  
  36  3:02  Gateway  
  36  3:04  Oracle (Chrono Boost)  
  36  3:05  Probe  
  37  3:09  Pylon  
  37  3:12  Probe  
  41  3:17  Probe  
  41  3:18  Adept  
  44  3:24  Probe  
  45  3:27  Pylon  
  45  3:29  Probe  
  46  3:36  Probe  
  47  3:46  Pylon  
  47  3:48  Probe  
  49  3:50  Nexus, Probe  
  49  3:56  Robotics Facility  
  49  4:00  Probe  
  50  4:17  Void Ray (Chrono Boost)  
  50  4:18  Probe  
  50  4:19  Probe  
  50  4:20  Assimilator  
  50  4:21  Assimilator  
  50  4:22  Gateway  
  50  4:24  Gateway  
  52  4:26  Twilight Council  
  52  4:30  Probe  
  57  4:31  Probe  
  58  4:40  Zealot x2  
  62  4:47  Pylon  
  62  4:49  Pylon  
  62  4:52  Forge  
  62  5:01  Probe x2  
  62  5:02  Immortal  
  68  5:07  Probe  
  68  5:10  Charge  
  68  5:13  Probe x2  
  71  5:15  Sentry x2  
  71  5:19  Probe  
  76  5:22  Pylon  
  76  5:25  Probe x2  
  78  5:33  Probe (Chrono Boost)  
  79  5:37  Probe (Chrono Boost), Protoss Ground Weapons Level 1 (Chrono Boost)  
  79  5:38  Probe (Chrono Boost)  
  79  5:39  Pylon  
  79  5:41  Gateway  
  81  5:45  Immortal (Chrono Boost)  
  81  5:48  Probe x3 (Chrono Boost), Sentry  
  90  5:52  Shield Battery  
  90  5:53  Probe x2 (Chrono Boost)  
  90  5:55  Probe  
  94  6:04  Probe  
  94  6:05  Probe  
  94  6:10  Probe  
  95  6:16  Probe  
  95  6:17  Probe  
  97  6:19  Gateway  
  97  6:20  Gateway  
  97  6:22  Immortal (Chrono Boost), Probe  
  97  6:23  Gateway  
  102  6:30  Zealot  
  104  6:34  Assimilator, Pylon  
  104  6:40  Assimilator  
  104  6:42  Templar Archives  
  104  6:45  Probe  
  104  6:46  Warp Prism  
  105  6:50  Probe  
  105  6:54  Probe  
  109  7:01  Photon Cannon, Pylon  
  109  7:04  Zealot x4  
  109  7:08  Psionic Storm, Nexus  
  117  7:10  Pylon  
  117  7:19  Probe, Pylon  
  117  7:20  Pylon  
  117  7:21  Pylon  
  118  7:24  Photon Cannon  
  118  7:28  Observer  
  119  7:35  High Templar x5, Shield Battery  
  129  7:37  High Templar  
  129  7:41  Pylon  
  129  7:42  Photon Cannon  
  131  7:44  Pylon  
  131  7:45  Pylon  
  131  7:51  Photon Cannon  
  131  7:53  Zealot x2  
  131  7:56  Probe  
  131  7:57  Photon Cannon  
  135  7:59  Photon Cannon, Probe  
  135  8:01  Photon Cannon  
  136  8:07  Zealot x3  
  136  8:11  Protoss Ground Weapons Level 2 (Chrono Boost)  
  136  8:12  High Templar  
  144  8:13  High Templar  
  144  8:15  Probe  
  144  8:17  Archon  
  147  8:24  Assimilator  
  145  8:28  Assimilator  
  145  8:32  Zealot x4  
  131  8:41  Zealot  
  131  8:42  Zealot  
  131  8:43  Archon  
  131  8:44  Archon  
  131  8:46  High Templar x2  
  131  8:51  Probe  
  131  8:53  Probe  
  127  9:02  Zealot x5  
  125  9:03  Zealot, Probe  
  125  9:08  Probe  
  131  9:25  Gateway, High Templar x3  
  131  9:28  Gateway  
  131  9:29  Zealot x5  
  147  9:32  Fleet Beacon  
  129  9:51  Zealot x5  
  130  9:58  Zealot x3  
  129  10:07  Immortal, Shield Battery  
  122  10:10  Photon Cannon  
  122  10:13  Photon Cannon, Shield Battery  
  124  10:16  Photon Cannon  
  124  10:17  Zealot x3  
  124  10:18  Zealot x4  
  124  10:20  Photon Cannon  
  132  10:27  High Templar x3  
  138  10:32  Carrier (Chrono Boost)  
  138  10:33  Probe x3  
  143  10:37  Stargate x2, Pylon  
  143  10:40  Probe  
  144  10:44  Zealot  
  144  10:46  High Templar  
  144  10:47  Probe  
  144  10:49  Zealot x2  
  153  10:53  High Templar x2  
  153  10:56  Immortal  
  155  10:57  Archon  
  155  11:10  Zealot x6  
  167  11:18  Probe  
  154  11:19  Carrier (Chrono Boost)  
  154  11:22  Protoss Ground Weapons Level 3  
  154  11:25  Carrier (Chrono Boost)  
  154  11:32  Pylon  
  154  11:35  Observer  
  155  11:40  High Templar x2  
  155  11:46  Protoss Air Weapons Level 1  
  151  12:04  Zealot x3  
  151  12:05  Zealot x2  
  151  12:06  Zealot  
  161  12:11  Carrier (Chrono Boost)  
  163  12:20  Zealot x3  
  157  12:26  Carrier (Chrono Boost)  
  157  12:29  Zealot x6  
  163  12:35  Carrier (Chrono Boost)  
  150  12:54  Archon  
  150  12:57  Zealot x6  
  150  12:58  Zealot  
  156  13:01  Zealot x2  
  140  13:08  Immortal  
  140  13:12  Carrier (Chrono Boost)  
  146  13:13  Photon Cannon  
  146  13:18  High Templar x3  
  146  13:19  High Templar  
  154  13:21  Carrier (Chrono Boost)  
  154  13:23  Photon Cannon  
  160  13:27  Zealot x4  
  162  13:36  Zealot  
  156  13:50  Zealot x4  
  156  13:51  Zealot x3  
  170  14:19  Nexus  
  164  14:24  Zealot x4  
  170  14:31  Zealot x2  
Tags
 
Add a new tag
Caveats
  • Supply blocks, unpowered buildings, or Contaminate may cause inaccurate times.
  • Supply counts are checked every 10 seconds.